 Dungeon Crawl Stone Soup version 0.31.0-12-g77e489cdc1 (webtiles) character file.

Game seed: 18034259280113252067

53 CrazyMind the Digger (level 3, 0/19 HPs)
             Began as a Deep Elf Earth Elementalist on Feb 18, 2024.
             Slain by a gnoll
             ... wielding a +0 spear
              (7 damage)
             ... on level 2 of the Dungeon.
             The game lasted 00:05:33 (1358 turns).

CrazyMind the Digger (Deep Elf Earth Elementalist)  Turns: 1358, Time: 00:05:35

Health: 0/19       AC:  2    Str:  7    XL:     3   Next: 62%
Magic:  3/10       EV: 12    Int: 19    God:
Gold:   42         SH:  0    Dex: 15    Spells: 8/9 levels left

rFire   . . .        h - +0 dagger
rCold   . . .        (no shield)
rNeg    . . .        a - +0 robe
rPois   .            (no helmet)
rElec   .            (no cloak)
rCorr   .            (no gloves)
SInv    .            (no boots)
Will    .....        (no amulet)
Stlth   ++           (no ring)
HPRegen 0.23/turn    (no ring)
MPRegen 0.12/turn

%: no passive effects
@: very slightly contaminated
A: no striking features
a: no special abilities


You were on level 2 of the Dungeon.
You visited 1 branch of the dungeon, and saw 2 of its levels.

You collected 42 gold pieces.

Inventory:

Hand Weapons
 e - a +0 short sword
 h - a +0 dagger (weapon)
Armour
 a - a +0 robe (worn)
Scrolls
 c - a scroll of torment {unknown}
 f - a scroll of blinking {unknown}
 i - 2 scrolls of amnesia {unknown}
 j - a scroll of noise {unknown}
Potions
 b - a potion of magic


   Skills:
 + Level 2.5 Dodging
 + Level 2.6 Stealth
 + Level 3.7 Spellcasting
 * Level 1.9 Conjurations
 * Level 4.2 Earth Magic


You had 8 spell levels left.
You knew the following spells:

 Your Spells              Type           Power      Damage    Failure   Level
a - Sandblast             Erth           38%        2d10      2%          1

Your spell library contained the following spells:

 Spells                   Type           Power      Damage    Failure   Level
 Passwall                 Erth           19%        N/A       8%          3
 Stone Arrow              Conj/Erth      30%        3d8       12%         3
 Brom's Barrelling Bould  Conj/Erth      15%        2d4       36%         4
 Petrify                  Alch/Erth      11%        N/A       52%         4


Dungeon Overview and Level Annotations

Branches:
Dungeon (2/15) Zot: 10626

Altars:


Message History

Aiming: Sandblast (safe; 2% risk of failure)
Press: ? - help, Shift-Dir - straight line, f/p - gnoll
Aim: a gnoll, wielding a +0 spear (almost dead, 84% to hit)
The blast of sand hits the gnoll!
You kill the gnoll!
The gnoll hits you from afar with a +0 spear.
Unknown command.
Casting: Sandblast (safe; 2% risk of failure)
Confirm with . or Enter, or press ? or * to list all spells.
Aiming: Sandblast (safe; 2% risk of failure)
Press: ? - help, Shift-Dir - straight line, f - gnoll
Aim: a gnoll, wielding a +0 spear (lightly wounded, 84% to hit)
The blast of sand hits the gnoll!
The gnoll is almost dead.
The gnoll hits you from afar with a +0 spear.
Casting: Sandblast (safe; 2% risk of failure)
Confirm with . or Enter, or press ? or * to list all spells.
Aiming: Sandblast (safe; 2% risk of failure)
Press: ? - help, Shift-Dir - straight line, f/p - gnoll
Aim: a gnoll, wielding a +0 spear (almost dead, 84% to hit)
You miscast Sandblast.
You are very lightly contaminated with residual magic.
Nothing appears to happen.
The gnoll misses you.
Casting: Sandblast (safe; 2% risk of failure)
Confirm with . or Enter, or press ? or * to list all spells.
Aiming: Sandblast (safe; 2% risk of failure)
Press: ? - help, Shift-Dir - straight line, f/p - gnoll
Aim: a gnoll, wielding a +0 spear (almost dead, 84% to hit)
The blast of sand hits the gnoll!
You kill the gnoll!
Casting: Sandblast (safe; 2% risk of failure)
Confirm with . or Enter, or press ? or * to list all spells.
Aiming: Sandblast (safe; 2% risk of failure)
Press: ? - help, Shift-Dir - straight line, f - gnoll
Aim: a gnoll, wielding a +0 spear (84% to hit)
The blast of sand hits the gnoll.
The gnoll is lightly wounded.
The gnoll misses you.
The gnoll hits you from afar with a +0 spear!
You die...

#.# #.# #####.### ##### #.......#
....# #.###...# ###.# #.###...#
....###.##)...# #########
.#............######.......# ##
....###.##......@.ggg....#.# #.
#.#.# #.###.#.######.###.#.# #.
....###.###.#.# #.# #.#.# #.
#....##.......# #.###.#.# #.
####.######)### #...g...# #. #.#
##...## #####.### #. ####.#
##..>..## ####.# #.
..##.###.......## ##.##.# #.
................####...#.#######.


You could see 2 gnolls and a hobgoblin.

Vanquished Creatures
  3 gnolls
  3 bats
  2 endoplasms (D:1)
  A giant cockroach (D:1)
  2 hobgoblins
  2 kobolds (D:1)
  A quokka (D:1)
  2 ball pythons
  A frilled lizard (D:2)
  4 goblins
  3 rats
24 creatures vanquished.

Notes
Turn   | Place    | Note
-------+----------+-------------------------------------------
     0 | D:1      | CrazyMind the Deep Elf Earth Elementalist began the quest
                  | for the Orb.
     0 | D:1      | Reached XP level 1. HP: 10/10 MP: 6/6
   195 | D:1      | Reached XP level 2. HP: 15/15 MP: 5/8
   467 | D:1      | Reached skill level 4 in Earth Magic
  1058 | D:2      | Reached XP level 3. HP: 19/19 MP: 7/9
  1358 | D:2      | Slain by a gnoll

Illustrated notes

Levels and vault maps discovered:
D:1:      dpeg_arrival_long_road, layout_loops_ring
D:2:      minmay_chambers_of_ones, layout_loops_corners, minmay_misc_feat_x

Skill      XL: |  1  2 |
---------------+-------+-----
Earth Magic    | 4 |  4.2
Dodging        | |  2.5
Stealth        | |  2.6
Spellcasting   | |  3.7
Conjurations   | |  1.9

Action                     || total
---------------------------++-------
  Melee: Hand axe          ||     1
         Dagger            ||     2
         Short sword       ||     1
   Cast: Sandblast         ||    32
    Use: Potion            ||     2
   Stab: Sleeping          ||     4
 Armour: Robe              ||    11
  Dodge: Dodged            ||    12
